 Dungeon Crawl Stone Soup version 0.29-a0-375-g5102b3be25 (webtiles) character file.

Game seed: 15875520617510379092

103 Antichthon the Covered (level 4, -2/29 HPs)
             Began as a Gargoyle Fighter on May 3, 2022.
             Slain by a worm (7 damage)
             ... on level 3 of the Dungeon.
             The game lasted 00:02:56 (1901 turns).

Antichthon the Covered (Gargoyle Fighter)           Turns: 1901, Time: 00:02:57

Health: -2/29      AC: 15    Str: 20    XL:     4   Next: 79%
Magic:  4/4        EV:  5    Int: 10    God:
Gold:   97         SH:  4    Dex:  9    Spells: 3/3 levels left

rFire   . . .      SeeInvis .   a - +0 flail
rCold   . . .      Faith    .   c - +0 buckler
rNeg    + . .      Spirit   .   k - +0 plate armour
rPois   ∞          Reflect  .   (no helmet)
rElec   +          Harm     .   (no cloak)
rCorr   .          Rampage  .   (no gloves)
Will    .....                   (no boots)
Stlth   ..........              (no amulet)
HPRegen 0.09/turn               (no ring)
MPRegen 0.09/turn               (no ring)

@: no status effects
A: sickness immunity, AC +3, negative energy resistance 1, electricity
resistance, torment resistance 1, petrification resistance
a: no special abilities


You were on level 3 of the Dungeon.
You visited 1 branch of the dungeon, and saw 3 of its levels.

You collected 97 gold pieces.

Inventory:

Hand Weapons
 a - a +0 flail (weapon)
Armour
 c - a +0 buckler (worn)
 k - a +0 plate armour (worn)
Potions
 b - a potion of heal wounds
 d - a potion of might
 f - a potion of brilliance
 g - a potion of magic {unknown}
 h - a potion of invisibility {unknown}
 i - a potion of degeneration {unknown}
 j - a potion of curing {unknown}


   Skills:
 * Level 3.6 Fighting
 * Level 3.2 Maces & Flails
 * Level 4.0 Armour
 * Level 0.5 Dodging
 * Level 3.7 Shields
 * Level 0.8 Invocations


You had 3 spell levels left.
You didn't know any spells.
Your spell library contained the following spells:

 Spells                   Type           Power      Damage    Failure   Level
 Corpse Rot               Necr/Air       0%         N/A       100%        2
 Poisonous Vapours        Pois/Air       0%         N/A       100%        2
 Confusing Touch          Hex            0%         N/A       100%        3
 Yara's Violent Unravell  Hex/Tmut       0%         3d3       100%        5
 Enfeeble                 Hex            0%         N/A       100%        7


Dungeon Overview and Level Annotations

Branches:
Dungeon (3/15)

Altars:

Shops:
D:1 =:=


Innate Abilities, Weirdness & Mutations

You are immune to sickness and miasma.
Your stone body is resilient. (AC +3)
You are immune to poison.
You resist negative energy. (rN+)
You are resistant to electric shocks. (rElec)
You are resistant to unholy torment.
You are immune to petrification.


Message History

The orc hits you with a +0 short sword.
You barely miss the orc.
The orc is almost dead.
The orc hits you with a +0 short sword. The orc hits you but does no damage.
You barely miss the orc.
The orc is severely wounded.
The orc hits you but does no damage.
You thump the orc!
You kill the orc!
Items here: )))) [ ††.
Okay, then.
A worm comes into view.
Items here: )))) [ ††.
Items here: )))) [ ††.
You completely miss the worm. You hit the worm.
The worm is moderately wounded.
The worm barely misses you.
You completely miss the worm.
The worm is moderately wounded.
The worm bites you but does no damage.
You hit the worm.
The worm is moderately wounded.
The worm bites you but does no damage.
You hit the worm but do no damage.
The worm is moderately wounded.
You completely miss the worm.
The worm is moderately wounded.
The worm bites you.
You hit the worm but do no damage.
The worm is moderately wounded.
The worm bites you.
* * * LOW HITPOINT WARNING * * *
You hit the worm.
The worm is heavily wounded.
You block the worm's attack.
You barely miss the worm.
The worm is heavily wounded.
The worm bites you!
You die...

...###.....
#######.........
......).......##.
.......[.........
#######.......#
#.......#.##..#
#.......#.....#
#.......#w##.##
........#@##.#
........#.##.#
.............#
............<#
.......##.####
....... #.#
≈≈#.... #.#
≈g##+## #.# #.#


You could see a worm.

Vanquished Creatures
  Jessica (D:3)
  A worm (D:2)
  7 orcs
  3 ball pythons
  5 endoplasms
  3 giant cockroaches
  6 goblins
  7 hobgoblins
  13 jackals
  3 quokkas
  2 bats
  2 kobolds
  3 rats (D:1)
56 creatures vanquished.

Notes
Turn   | Place    | Note
-------+----------+-------------------------------------------
     0 | D:1      | Antichthon the Gargoyle Fighter began the quest for the
                  | Orb.
     0 | D:1      | Reached XP level 1. HP: 14/14 MP: 1/1
     4 | D:1      | Found Mollurph's Jewellery Emporium.
   233 | D:1      | Found Vigemab's Book Boutique.
   261 | D:1      | Reached XP level 2. HP: 16/19 MP: 2/2
   324 | D:1      | Found a faded altar of an unknown god.
   531 | D:1      | Found Ykinith's Jewellery Shop.
   553 | D:1      | Reached XP level 3. HP: 23/23 MP: 3/3
  1305 | D:2      | Reached XP level 4. HP: 22/28 MP: 4/4
  1843 | D:3      | Noticed Jessica
  1848 | D:3      | Killed Jessica
  1849 | D:3      | Reached skill level 4 in Armour
  1901 | D:3      | Slain by a worm

Illustrated notes

Levels and vault maps discovered:
D:1:      ncdulo_lavacross, layout_rooms,
          hellmonk_ecumenical_altar_pennies_from_heaven, serial_shops,
          nicolae_diamond_shop, shop, shop_statue, minmay_misc_feat_x
D:2:      layout_basic, chequers_jeans
D:3:      cheibrodos_helix_gallery, layout_basic, kennysheep_okawaru_gauntlet,
          uniq_jessica, uniq_crazy_yiuf_cottage

Skill      XL: |  1  2  3  4 |
---------------+-------------+-----
Maces & Flails | 3 |  3.2
Armour         | 4 |  4.0
Fighting       | |  3.6
Dodging        | |  0.5
Shields        | |  3.7
Invocations    | |  0.8

Action                   |  1- 3 |  4- 6 || total
-------------------------+-------+-------++-------
Melee: Flail             |   127 |    61 ||   188
  Use: Scroll            |     4 |     2 ||     6
Armor: Chain mail        |    98 |    21 ||   119
       Scale mail        |     4 |       ||     4
       Plate armour      |       |    36 ||    36
Dodge: Dodged            |    53 |    28 ||    81
Block: Buckler           |    20 |    19 ||    39

Table legend: (Time is in decaauts)
 A = Elapsed time spent in this place.
 B = Non-inter-level travel time spent in this place.
 C = Inter-level travel time spent in this place.
 D = Time resting spent in this place.
 E = Time spent auto-exploring this place.
 F = Levels seen in this place.
 G = Mean time per level.
                   A        B        C        D        E       F      G
               +--------+--------+--------+--------+--------+-----+--------+
         Total |   1960 |   1899 |     61 |      0 |   1366 |   3 |  653.3 |
       Dungeon |   1960 |   1899 |     61 |      0 |   1366 |   3 |  653.3 |
               +--------+--------+--------+--------+--------+-----+--------+

Top non-repeatable levels by time:
     D:1: 974 daAuts
     D:2: 884 daAuts
     D:3: 101 daAuts
